Map: Sequencer LE

Players

Arctur

  • Race: Terran Terran
  • Spawn Location: 1:00

Zanster - Winner!

  • Race: Zerg Zerg
  • Spawn Location: 7:00

Event: WCS Valencia 2017

VOD

Have the link to the VOD?

Description

Time

  • Played on: July 13, 2017, 2:36 p.m.
  • Length: 25:04

All games in this series

Show
View Real Time Build Order
Export as new Build Order

Arctur Terran 

Build Orders: Bio Mine 

Get SALT Encoding   

  12  0:00  SCV  
  13  0:12  SCV  
  14  0:17  Supply Depot  
  14  0:24  SCV  
  15  0:38  SCV  
  15  0:39  Barracks  
  16  0:45  Refinery  
  16  0:50  SCV  
  17  1:01  Barracks  
  17  1:06  SCV  
  18  1:18  SCV  
  19  1:27  Reaper  
  19  1:31  Orbital Command  
  20  1:38  Barracks  
  20  1:44  Refinery  
  20  1:48  Reaper  
  21  1:56  Supply Depot  
  21  1:59  SCV  
  22  2:04  Reaper  
  23  2:18  SCV  
  23  2:20  Supply Depot  
  23  2:21  Reaper  
  25  2:30  SCV  
  25  2:31  Reaper  
  25  2:36  Reaper  
  28  2:42  SCV  
  29  2:53  Reaper  
  30  3:01  SCV, Command Center  
  30  3:03  Reaper  
  32  3:19  Reaper  
  33  3:20  SCV  
  34  3:32  Reaper  
  35  3:38  Reaper  
  35  3:41  SCV  
  36  3:48  Command Center  
  36  3:51  Reaper  
  36  3:54  SCV, Supply Depot  
  38  4:04  Reaper  
  39  4:12  Orbital Command, SCV  
  39  4:16  Barracks Tech Lab  
  40  4:24  SCV  
  41  4:36  Stimpack, Barracks Reactor x2  
  41  4:37  SCV, Marine  
  43  4:42  SCV  
  44  4:47  Factory  
  44  4:49  SCV  
  45  4:54  SCV  
  45  4:57  Supply Depot  
  46  5:01  SCV  
  46  5:02  Orbital Command  
  46  5:06  SCV  
  48  5:08  Engineering Bay  
  48  5:11  Marine, Engineering Bay  
  48  5:13  SCV, Refinery  
  50  5:18  SCV  
  50  5:20  Supply Depot  
  51  5:21  Refinery  
  51  5:22  Marine  
  51  5:26  SCV  
  53  5:29  SCV  
  53  5:30  SCV  
  53  5:31  Marine x2  
  57  5:38  SCV, Starport  
  57  5:41  SCV  
  57  5:42  Marine x2  
  61  5:47  Terran Infantry Armor Level 1, Terran Infantry Weapons Level 1  
  61  5:49  SCV  
  62  5:54  Marine x3  
  62  5:55  SCV  
  66  5:58  Factory Reactor  
  66  5:59  SCV  
  66  6:01  Marine x2, SCV  
  70  6:11  Marine  
  70  6:12  Marine x2  
  70  6:16  SCV x2  
  75  6:18  Marine  
  75  6:30  Marine x4  
  78  6:33  SCV x3  
  81  6:40  Combat Shields, Factory Reactor, Armory  
  81  6:43  Barracks, Medivac x2  
  81  6:45  Barracks, Supply Depot  
  81  6:46  SCV  
  86  6:47  SCV  
  86  6:48  SCV  
  88  6:56  Marine x3, Supply Depot  
  88  6:57  Marine, Supply Depot  
  88  7:00  SCV  
  93  7:05  Factory  
  93  7:07  SCV  
  94  7:10  SCV  
  94  7:12  Marine  
  94  7:13  Medivac x2  
  100  7:20  Marine  
  100  7:22  Marine x2  
  103  7:23  SCV x2  
  103  7:24  SCV, Supply Depot  
  103  7:25  Supply Depot  
  103  7:26  Refinery  
  106  7:35  Barracks Reactor x2, SCV  
  106  7:36  Supply Depot  
  107  7:38  Supply Depot  
  107  7:44  Marine x3  
  89  7:59  Marine x2, Widow Mine  
  89  8:00  Widow Mine  
  89  8:01  SCV x2, Factory Tech Lab  
  89  8:02  Marine x3  
  93  8:13  Marine x3  
  93  8:14  Marine  
  93  8:17  Marine x2  
  93  8:19  Marine  
  98  8:20  Marine x2  
  98  8:24  Medivac x2  
  98  8:25  Drilling Claws  
  98  8:26  Thor  
  104  8:30  Marine  
  104  8:31  Marine x3  
  106  8:35  Marine x2  
  106  8:37  Marine x2  
  106  8:38  Marine  
  106  8:40  Widow Mine  
  113  8:42  Widow Mine, Command Center  
  115  8:48  Terran Infantry Armor Level 2, Terran Infantry Weapons Level 2  
  115  8:53  Terran Vehicle And Ship Armor Level 1  
  114  8:58  Marine x2  
  111  9:03  Marine  
  111  9:04  Supply Depot  
  111  9:05  Supply Depot  
  111  9:06  Marine x2  
  111  9:09  Thor  
  120  9:13  Widow Mine x2  
  120  9:15  Marine x3  
  127  9:21  Marine x3  
  130  9:25  Marine x3, Medivac x2  
  137  9:31  Missile Turret  
  137  9:33  Marine x3  
  138  9:39  SCV x2  
  138  9:42  SCV, Widow Mine x2  
  138  9:43  Marine x2  
  138  9:44  Marine  
  141  9:46  Marine  
  141  9:51  SCV x2  
  133  9:54  SCV  
  133  9:56  Marine  
  133  9:57  Marine x2  
  131  10:01  Marine x3  
  131  10:03  SCV  
  131  10:11  SCV x2  
  133  10:21  Widow Mine  
  133  10:22  Thor, Widow Mine  
  133  10:25  SCV x3  
  146  10:34  Marauder, Marine  
  149  10:43  SCV x3, Supply Depot  
  152  10:58  Planetary Fortress  
  152  11:05  Thor  
  152  11:06  Widow Mine x2  
  152  11:09  Marauder  
  162  11:21  Marine x8  
  170  11:30  Marauder  
  170  11:32  Missile Turret  
  172  11:36  Missile Turret  
  172  11:38  Marine  
  172  11:39  Liberator, Marine  
  173  11:43  Liberator, Widow Mine x2  
  173  11:45  SCV x2  
  179  11:48  Thor  
  179  11:50  Supply Depot  
  179  11:51  Marine x3, Supply Depot  
  179  11:52  Marine  
  195  12:09  Marine  
  195  12:10  Marine x2  
  195  12:11  Widow Mine  
  193  12:18  Marine  
  193  12:19  Marine x4, Widow Mine  
  193  12:21  Marine  
  196  12:27  Marine x3  
  199  12:31  Widow Mine  
  199  12:35  SCV  
  199  12:36  Marine x2  
  188  12:40  Widow Mine  
  188  12:41  Marine  
  188  12:45  Marine x2  
  188  12:48  Widow Mine  
  188  12:49  Marine x2  
  188  12:50  Marine x2  
  187  12:54  Marine x2  
  185  12:59  Marine  
  185  13:00  Thor  
  185  13:03  Marine  
  185  13:05  Marine  
  191  13:07  Marine x2  
  191  13:08  Marine, Widow Mine  
  191  13:09  Marine  
  196  13:16  Widow Mine  
  193  13:22  Marine  
  128  13:28  Marine x7  
  128  13:37  Widow Mine  
  128  13:39  Marine  
  130  13:43  Widow Mine  
  130  13:45  Marine, Widow Mine  
  130  13:46  Marine x6, SCV x3  
  144  13:51  Liberator  
  144  13:52  Liberator  
  144  13:54  Orbital Command  
  144  13:57  Marine  
  145  14:03  Marine  
  145  14:04  Marine x6  
  145  14:05  Widow Mine  
  155  14:11  Widow Mine  
  155  14:12  SCV x2  
  155  14:13  Widow Mine  
  155  14:15  Marine  
  159  14:21  Marine x6  
  159  14:22  Marine  
  154  14:33  Marine  
  154  14:34  Liberator  
  153  14:39  Marine x3, Terran Infantry Weapons Level 3  
  153  14:40  Marauder  
  158  14:49  Unknown x4  
  159  14:57  Widow Mine x2  
  159  14:58  Marine x7  
  166  15:01  Marauder  
  166  15:06  Barracks  
  166  15:07  Barracks  
  166  15:08  Refinery  
  166  15:09  Barracks  
  166  15:12  Liberator  
  166  15:14  Sensor Tower  
  166  15:16  Refinery  
  166  15:17  Command Center  
  166  15:23  Marauder  
  161  15:30  Marine x6  
  161  15:31  Barracks Tech Lab  
  167  15:39  Liberator  
  167  15:41  Ghost Academy  
  167  15:45  Marine, Refinery  
  167  15:47  Marine  
  167  15:49  Refinery  
  171  15:57  Command Center  
  171  15:58  Liberator  
  171  15:59  Marauder, Marine x5  
  171  16:00  Barracks Tech Lab  
  179  16:04  Barracks Tech Lab  
  179  16:05  Barracks Tech Lab  
  179  16:08  Marine  
  179  16:09  Marauder  
  181  16:19  Marauder, Marine  
  181  16:21  Liberator  
  181  16:25  Marauder  
  176  16:27  Marauder, Marine x4  
  176  16:28  Marine x2  
  176  16:30  Marauder  
  179  16:37  Marine  
  183  16:40  Marine  
  183  16:41  Liberator  
  183  16:43  Terran Infantry Armor Level 3  
  183  16:45  Marine x6  
  190  16:54  Marine x4  
  190  16:58  Marine  
  198  17:03  Marine x2  
  200  17:20  Liberator  
  200  17:21  Marine  
  195  17:24  Liberator  
  195  17:25  Marine  
  195  17:26  Marauder  
  195  17:29  Marine  
  193  17:31  Marine  
  193  17:32  Marauder, Marine  
  193  17:33  SCV  
  170  17:38  Marine x3  
  170  17:39  Marauder, Marine  
  182  17:55  Marauder  
  183  18:03  Liberator  
  183  18:05  Marauder, Marine x3  
  145  18:06  Liberator  
  145  18:07  Marine  
  127  18:13  Marauder, Marine  
  127  18:22  Marine x2  
  127  18:26  Planetary Fortress  
  116  18:40  Marauder  
  89  18:41  Marine x3  
  89  18:42  Marauder  
  89  18:46  Liberator  
  85  18:49  Liberator, Marine  
  85  18:50  Marauder, Marine  
  85  18:52  SCV  
  85  18:54  SCV x2  
  90  18:56  SCV  
  90  19:00  Marauder, Marine x2  
  92  19:04  SCV  
  92  19:06  Marauder, Marine  
  92  19:07  SCV  
  93  19:11  SCV x2  
  93  19:13  Marauder  
  93  19:15  Marauder  
  93  19:16  Marauder  
  94  19:20  Marine  
  94  19:22  Marauder  
  91  19:25  SCV  
  91  19:30  SCV x2  
  91  19:31  SCV  
  88  19:32  Liberator  
  88  19:33  SCV  
  88  19:34  Marauder, Marine x2  
  93  19:41  SCV  
  93  19:42  SCV  
  93  19:43  Marine x4  
  93  19:44  Marauder, Marine  
  102  19:46  Medivac  
  102  19:51  Widow Mine x2  
  102  19:52  Marine x2  
  113  19:54  Missile Turret  
  113  20:05  Liberator  
  109  20:07  Marine  
  109  20:08  Marauder x2, Marine x3  
  109  20:09  Marauder  
  116  20:15  Liberator  
  116  20:23  Planetary Fortress  
  116  20:25  Refinery  
  119  20:31  Marauder, Marine  
  119  20:34  SCV x2  
  119  20:35  SCV  
  128  20:44  Marauder  
  128  20:47  Marauder, Marine x5  
  133  20:59  Ghost  
  133  21:00  Marine  
  133  21:02  SCV x3  
  133  21:03  SCV x2  
  133  21:04  Liberator, Marine  
  141  21:22  Marauder, Marine x2  
  141  21:23  Marauder x2, Marine x2  
  153  21:31  SCV x2  
  141  21:34  Unknown x2  
  137  21:45  Marine  
  137  21:46  Marauder, Marine x6  
  137  21:47  Marauder  
  148  21:48  Widow Mine x3  
  154  21:59  Medivac  
  155  22:02  Refinery  
  155  22:03  Marine x3  
  155  22:04  Marauder x3, Marine  
  155  22:07  Marine x2  
  167  22:16  Orbital Command  
  167  22:24  Ghost  
  169  22:31  Liberator  
  169  22:36  Refinery  
  169  22:49  Marauder x4, Marine x3  
  169  22:50  Marine  
  179  22:53  Marine  
  168  23:07  Marine x4  
  168  23:10  Marauder x2, Marine  
  168  23:11  Ghost x2  
  177  23:20  Liberator  
  177  23:25  Marine x4  
  179  23:28  Marauder  
  179  23:33  Marine  
  181  23:40  Marauder, Marine  
  186  23:43  Marine x4  
  186  23:45  Liberator  
  186  23:58  Marauder  
  186  24:02  Marauder  
  178  24:16  Marine x2  
  155  24:17  Marine  
  155  24:19  Ghost  
  155  24:20  Viking  
  155  24:24  Marine x3  
  97  24:34  Marine x2  
  97  24:35  Marine  
  94  24:41  Marine  
  94  24:42  Marine x2  
Show
View Real Time Build Order
Export as new Build Order

Zanster Zerg - Winner!

Build Orders: Hatch First, Muta Ling Bane 

Get SALT Encoding   

  12  0:00  Drone  
  13  0:13  Overlord  
  13  0:16  Drone  
  14  0:31  Drone x2  
  17  0:35  Drone  
  17  0:52  Hatchery  
  17  0:54  Drone  
  17  0:57  Drone  
  18  1:08  Extractor  
  17  1:13  Spawning Pool  
  17  1:16  Drone  
  17  1:19  Drone  
  18  1:29  Drone  
  20  1:40  Drone  
  20  1:51  Overlord  
  20  2:04  Queen x2  
  20  2:05  Zergling x4  
  26  2:09  Metabolic Boost  
  26  2:13  Zergling x2  
  27  2:20  Drone  
  27  2:36  Hatchery, Drone x2  
  28  2:39  Drone  
  29  2:47  Queen  
  31  2:54  Overlord  
  31  3:03  Zergling x6  
  31  3:04  Zergling x2  
  36  3:20  Zergling x12  
  40  3:29  Overlord  
  40  3:39  Drone x2  
  41  3:45  Drone x2  
  43  3:49  Queen, Drone  
  43  3:50  Drone x2  
  43  3:51  Drone  
  48  4:04  Drone  
  48  4:05  Drone x4  
  48  4:06  Drone  
  54  4:10  Overlord  
  54  4:22  Zergling x6  
  54  4:23  Zergling x2  
  57  4:26  Overlord  
  57  4:29  Evolution Chamber  
  56  4:36  Zergling x14  
  61  4:46  Zergling x4  
  61  4:48  Overlord  
  63  4:55  Drone x2  
  63  4:57  Zerg Melee Weapons Level 1  
  63  4:58  Lair  
  63  4:59  Extractor  
  64  5:00  Extractor  
  64  5:01  Drone x3  
  64  5:03  Drone  
  67  5:09  Drone x4  
  67  5:13  Overlord  
  71  5:15  Drone  
  71  5:16  Drone  
  73  5:22  Drone  
  73  5:23  Drone x2  
  73  5:24  Drone  
  77  5:33  Zergling x2  
  77  5:34  Zergling x10  
  77  5:35  Zergling x2  
  84  5:36  Extractor  
  84  5:38  Zergling x4  
  84  5:39  Zergling x2  
  84  5:41  Overlord  
  86  5:44  Zergling x4  
  88  5:54  Zergling x4  
  89  5:58  Spire  
  89  5:59  Baneling Nest  
  87  6:07  Drone x8  
  94  6:12  Drone x3  
  94  6:15  Drone  
  98  6:23  Overlord  
  91  6:33  Drone x7  
  91  6:36  Extractor, Overlord x2  
  91  6:37  Extractor, Overlord  
  95  6:40  Drone x2  
  95  6:43  Drone  
  95  6:45  Centrifical Hooks  
  98  6:51  Zerg Melee Weapons Level 2  
  98  6:54  Drone  
  98  6:55  Baneling x8  
  99  7:05  Zergling x12  
  99  7:06  Zergling x6  
  108  7:10  Zergling x8  
  108  7:11  Zergling x2  
  108  7:12  Overlord  
  113  7:28  Mutalisk x4  
  121  7:30  Mutalisk  
  121  7:32  Mutalisk  
  121  7:35  Mutalisk  
  127  7:40  Mutalisk  
  127  7:41  Hatchery  
  127  7:42  Overlord  
  128  7:45  Baneling  
  128  7:46  Baneling, Zergling x2  
  128  7:47  Zergling x8  
  116  7:59  Zergling x2  
  116  8:00  Zergling x10  
  122  8:06  Zerg Flyer Weapons Level 1  
  122  8:09  Mutalisk x3  
  124  8:18  Drone x3  
  124  8:19  Drone x5  
  132  8:24  Overlord  
  132  8:25  Hatchery  
  131  8:28  Drone  
  132  8:47  Mutalisk x6  
  144  8:49  Mutalisk  
  144  8:54  Overlord  
  146  8:59  Zergling x20  
  156  9:04  Queen  
  156  9:05  Extractor, Zergling x4  
  156  9:08  Overlord x2  
  159  9:13  Zerg Ground Armor Level 1  
  159  9:16  Infestation Pit  
  158  9:19  Zergling x2  
  158  9:21  Overseer  
  158  9:23  Baneling x6  
  159  9:26  Overlord  
  159  9:28  Zergling x18  
  159  9:29  Zergling x2  
  169  9:31  Baneling  
  169  9:32  Baneling x5  
  169  9:36  Zergling x8  
  169  9:37  Zergling x2  
  174  9:43  Baneling x11  
  174  9:53  Zergling x20  
  174  9:54  Overlord  
  184  10:06  Zerg Flyer Armor Level 1  
  182  10:08  Drone  
  182  10:09  Drone x5  
  186  10:24  Hive  
  186  10:26  Evolution Chamber  
  186  10:27  Zergling x22  
  186  10:28  Zergling x4  
  198  10:31  Overlord x2  
  198  10:42  Pneumatized Carapace  
  166  11:29  Zerg Ground Armor Level 2  
  166  11:46  Zerg Melee Weapons Level 3, Adrenal Glands  
  166  11:47  Zergling x12  
  166  11:48  Zergling x48, Ultralisk Cavern  
  166  11:50  Zergling x6  
  166  11:51  Zergling x2  
  199  12:00  Baneling x7  
  199  12:01  Overseer  
  196  12:18  Zergling x24  
  196  12:20  Baneling  
  196  12:21  Baneling x16  
  198  12:23  Hatchery  
  197  12:37  Zergling x28  
  182  12:39  Zergling x2  
  187  12:45  Chitinous Plating  
  183  12:52  Ultralisk x2  
  183  12:55  Baneling  
  183  12:56  Baneling x21  
  145  13:22  Ultralisk  
  145  13:23  Ultralisk x2  
  145  13:26  Zergling x2  
  145  13:27  Zergling x30  
  146  13:39  Zergling x8  
  150  13:41  Ultralisk  
  150  13:48  Zergling x22  
  157  13:49  Zergling x2  
  157  13:54  Ultralisk  
  174  13:56  Hatchery  
  174  13:57  Extractor  
  174  13:59  Baneling x8  
  174  14:00  Extractor, Baneling  
  153  14:11  Zergling x32  
  160  14:20  Zergling x2  
  160  14:21  Zergling x10  
  163  14:32  Corruptor  
  163  14:33  Corruptor x5  
  163  14:37  Corruptor  
  175  14:50  Ultralisk  
  168  14:55  Zergling x12  
  173  15:05  Drone  
  173  15:06  Drone x6  
  180  15:15  Baneling x12  
  175  15:22  Zerg Ground Armor Level 3  
  166  15:34  Queen, Drone  
  166  15:35  Drone x3  
  171  15:36  Drone x2  
  173  15:50  Hatchery  
  170  15:58  Burrow  
  170  15:59  Pathogen Glands  
  145  16:19  Drone x6  
  145  16:21  Ultralisk x2, Zergling x10  
  162  16:42  Drone x8  
  170  16:52  Greater Spire  
  170  16:55  Infestor x2  
  170  16:56  Infestor x2  
  180  17:07  Baneling x4  
  180  17:08  Baneling x6  
  180  17:12  Zergling x16  
  182  17:24  Zergling x2  
  182  17:25  Zergling x22  
  182  17:27  Overlord  
  183  17:38  Corruptor  
  183  17:39  Corruptor x3  
  183  17:43  Zergling x6  
  183  17:44  Zergling x2  
  195  17:51  Baneling  
  195  17:52  Baneling x11  
  146  18:08  Ultralisk, Zergling x2  
  146  18:09  Zergling x20  
  152  18:13  Zergling x8  
  144  18:32  Zergling x20  
  148  18:39  Zergling x2  
  125  18:45  Zergling x10  
  124  18:58  Hatchery  
  124  19:01  Corruptor x3  
  129  19:08  Hatchery  
  118  19:24  Extractor x2  
  112  19:25  Drone  
  112  19:26  Drone x2  
  111  19:31  Hatchery  
  111  19:36  Zergling x16  
  111  19:37  Zergling x14  
  125  19:50  Zergling x18  
  125  19:51  Zergling x6  
  135  20:04  Overseer  
  135  20:05  Overseer  
  135  20:06  Drone x2  
  135  20:07  Drone x2  
  132  20:24  Drone x4  
  136  20:29  Extractor, Zergling x20  
  136  20:30  Zergling x2  
  136  20:32  Brood Lord x2  
  150  20:37  Brood Lord  
  148  20:58  Brood Lord  
  150  21:07  Zergling x36  
  168  21:13  Brood Lord x2  
  168  21:14  Hatchery  
  170  21:25  Drone  
  170  21:26  Drone x4  
  170  21:38  Corruptor  
  170  21:39  Corruptor x3  
  174  21:47  Drone x3  
  174  21:48  Overlord  
  174  21:50  Drone x2  
  174  21:51  Drone x4  
  182  21:56  Ultralisk, Zergling x12  
  194  22:12  Zergling x10  
  199  22:22  Spore Crawler  
  194  22:25  Spore Crawler  
  192  22:35  Corruptor  
  192  22:36  Corruptor x3  
  199  22:37  Zerg Flyer Weapons Level 2  
  199  22:49  Drone  
  199  22:50  Drone x2  
  196  23:04  Corruptor  
  196  23:05  Corruptor  
  199  23:12  Zergling x2  
  196  23:13  Zergling x6  
  196  23:16  Baneling  
  196  23:17  Baneling x12  
  196  23:47  Zergling x12  
  188  24:09  Zergling x2  
  187  24:10  Zergling x32  
  187  24:14  Zergling x6  
  194  24:21  Ultralisk x3, Zergling x2  
  194  24:22  Zergling x8  
  195  24:33  Zergling x2  
  195  24:34  Zergling x12  
  197  24:41  Zergling x2  
  197  24:42  Baneling  
  197  24:43  Baneling x8  
Tags
 
Add a new tag
Caveats
  • Supply blocks, unpowered buildings, or Contaminate may cause inaccurate times.
  • Supply counts are checked every 10 seconds.